 Dungeon Crawl Stone Soup version 0.20.1-1-g8b1a95d (webtiles) character file.

2619 Bluestream the Basher (level 9, 0/79 HPs)
             Began as a Minotaur Berserker on Sept 10, 2017.
             Was an Elder of Trog.
             Shot with a sling bullet by Joseph (12 damage)
             ... on level 7 of the Dungeon.
             The game lasted 00:15:10 (5794 turns).

Bluestream the Basher (Minotaur Berserker)          Turns: 5794, Time: 00:15:11

Health: 0/79       AC: 15    Str: 22    XL:     9   Next: 34%
Magic:  0/8        EV: 11    Int:  5    God:    Trog [****..]
Gold:   261        SH:  0    Dex: 12    Spells: 8/8 levels left

rFire    + . .     SeeInvis .   h - +2 whip (freeze)
rCold    . . .     Gourm    .   (no shield)
rNeg     . . .     Faith    .   g - +0 chain mail
rPois    +         Spirit   +   (helmet restricted)
rElec    .         Reflect  .   n - +2 cloak {rPois}
rCorr    .         Harm     .   L - +0 pair of gloves
MR       .....                  (no boots)
Stlth    ..........             y - amulet of guardian spirit
Regen    0.3/turn               x - ring of poison resistance
MPRegen  0.2/turn               q - ring of protection from fire

@: berserk cooldown, slowed, very slow
A: retaliatory headbutt, horns 2
a: Berserk, Trog's Hand, Brothers in Arms, Burn Spellbooks, Renounce Religion


You were on level 7 of the Dungeon.
You worshipped Trog.
Trog was greatly pleased with you.
You were not hungry.

You visited 1 branch of the dungeon, and saw 7 of its levels.

You collected 261 gold pieces.

Inventory:

Hand Weapons
 a - a +0 mace
 f - a +0 whip
 h - a +2 whip of freezing (weapon)
 i - a -3 whip
 B - a +0 flail of crushing
Missiles
 J - 4 silver javelins (quivered)
Armour
 b - a +0 animal skin
 g - a +0 chain mail (worn)
 n - a +2 cloak of poison resistance (worn)
 L - a +0 pair of gloves (worn)
Jewellery
 p - an uncursed ring of fire
 q - a ring of protection from fire (right hand)
 x - a ring of poison resistance (left hand)
 y - an amulet of guardian spirit (around neck)
Wands
 l - a wand of flame (4/48)
 w - a wand of iceblast (7/15)
 I - a wand of digging (8/24)
 M - a wand of flame (21/48)
Scrolls
 r - a scroll of enchant weapon
 t - a scroll of random uselessness {unknown}
 v - 3 scrolls of remove curse
 C - a scroll of recharging {unknown}
 D - 2 scrolls of identify
 E - 2 scrolls of blinking {unknown}
 F - a scroll of magic mapping {unknown}
 N - a scroll of fear {unknown}
 O - a scroll of teleportation
 P - a scroll of amnesia {unknown}
Potions
 e - a potion of ambrosia
 k - a potion of magic {unknown}
 m - 2 potions of haste
 o - 2 potions of heal wounds {unknown}
 s - a potion of agility
 u - a potion of might {unknown}
 z - 2 potions of mutation {unknown}
 G - 2 potions of curing {unknown}
 H - a potion of cancellation {unknown}
 K - 3 potions of brilliance {unknown}
Comestibles
 c - 6 bread rations
 d - a royal jelly
 j - 6 meat rations
 A - 6 fruits


   Skills:
 * Level 7.5 Fighting
 + Level 9.6 Maces & Flails
 * Level 8.5 Armour
 * Level 6.1 Dodging
 + Level 1.1 Stealth


You had 8 spell levels left.
You didn't know any spells.

Dungeon Overview and Level Annotations

Branches:
Dungeon (7/15)             Temple (0/1) D:7

Altars:
Elyvilon
Fedhas
Makhleb
Trog
Uskayaw
Vehumet
Zin

Annotations:
D:7 Joseph


Innate Abilities, Weirdness & Mutations

You reflexively headbutt those who attack you in melee.
You have a pair of horns on your head.


Message History

Joseph zaps a wand.
The bolt of lightning misses you. The bolt of lightning hits you!
It is a wand of lightning (?/15).
Found a radiant altar of Vehumet.
Joseph, a Mercenary comes into view.
He is wielding a quarterstaff of draining.
Items here: ! $ ) † a dagger; a yellow potion; 9 gold pieces; an orc corpse You see here the human corpse of Prince Ribbit.
Joseph zaps a wand.
The bolt of lightning misses you.
Joseph unwields an uncursed quarterstaff of draining.
Joseph wields a hunting sling.
Joseph shoots a sling bullet.
The sling bullet misses you.
Joseph shoots a sling bullet.
The sling bullet hits you!
You see here a sling bullet.
Joseph shoots a sling bullet.
The sling bullet barely misses you.
Joseph zaps a wand.
The bolt of lightning misses you.
Joseph zaps a wand.
The bolt of lightning hits you!
Joseph zaps a wand.
The bolt of lightning hits you!
* * * LOW HITPOINT WARNING * * *
Joseph shoots a sling bullet.
The sling bullet hits you!
You die...

.
#......).†...###..#
#####..####(.(...?#
#..####@#######
...####........#
#.............#
######.#####..# #.#
#..# #.# #.(# #.#
#@.# #.# #.## #.#
#.# ####.#####.#
#..†...(...#
#.##.#####.# #.##.#
#.# #.##.# #.#
#.##.# #.#


You could see Joseph.

Vanquished Creatures
  Prince Ribbit (D:7)
  Sigmund (D:5)
  Eustachio (D:5)
  3 ice beasts
  An orc warrior (D:7)
  2 sky beasts (D:7)
  3 centaurs
  2 ogres
  2 bullfrogs
  2 scorpions
  A howler monkey (D:4)
  2 crimson imps (D:5)
  2 bullfrog zombies
  A centaur zombie (D:5)
  A jelly (D:5)
  An orc priest (D:6)
  A centaur skeleton (D:5)
  3 hounds
  A gnoll shaman (D:6)
  3 orc wizards
  Crazy Yiuf (D:2)
  A worker ant (D:4)
  Natasha (twice) (D:3)
  A killer bee zombie (D:7)
  2 hound skeletons (D:6)
  6 adders
  9 gnolls
  2 shadow imps
  An adder zombie (D:6)
  8 worms
  3 dart slugs
  6 leopard geckos
  15 orcs
  11 bats
  4 giant cockroaches
  6 goblins
  13 hobgoblins
  5 jackals
  8 kobolds
  7 quokkas
  A ball python (D:6)
  A frilled lizard (D:3)
  A leopard gecko skeleton (D:4)
  2 quokka skeletons (D:4)
  10 rats
160 creatures vanquished.

Notes
Turn   | Place    | Note
-------+----------+-------------------------------------------
     0 | D:1      | Bluestream the Minotaur Berserker began the quest for the Orb.
     0 | D:1      | Reached XP level 1. HP: 19/19 MP: 0/0
    48 | D:1      | Reached skill level 4 in Maces & Flails
    48 | D:1      | Reached XP level 2. HP: 22/27 MP: 1/1
   274 | D:1      | Reached XP level 3. HP: 20/33 MP: 2/2
   865 | D:1      | Reached ** piety under Trog
   958 | D:2      | Found a burning altar of Makhleb.
   959 | D:2      | Found a glowing silver altar of Zin.
   959 | D:2      | Noticed an angel
   960 | D:2      | Noticed an Executioner
  1102 | D:2      | Reached skill level 5 in Maces & Flails
  1127 | D:2      | Reached XP level 4. HP: 41/41 MP: 3/3
  1334 | D:2      | Found a white marble altar of Elyvilon.
  1429 | D:2      | Found a runed door.
  1718 | D:2      | Noticed Crazy Yiuf
  1723 | D:2      | Killed Crazy Yiuf
  2054 | D:3      | Reached XP level 5. HP: 47/47 MP: 4/4
  2119 | D:3      | Noticed Natasha
  2129 | D:3      | Killed Natasha
  2129 | D:3      | Reached skill level 6 in Maces & Flails
  2356 | D:3      | Reached *** piety under Trog
  2541 | D:3      | Noticed Natasha
  2555 | D:3      | Killed Natasha
  2675 | D:4      | Reached XP level 6. HP: 36/55 MP: 5/5
  2833 | D:4      | Reached skill level 5 in Fighting
  2896 | D:4      | Noticed a hand axe
  2897 | D:4      | Noticed a hand axe
  2900 | D:4      | Found a hide-covered altar of Uskayaw.
  3028 | D:4      | Found a bloodstained altar of Trog.
  3163 | D:4      | Reached skill level 7 in Maces & Flails
  3258 | D:5      | Entered Level 5 of the Dungeon
  3326 | D:5      | Noticed an ice beast
  3344 | D:5      | Killed an ice beast
  3344 | D:5      | Reached XP level 7. HP: 26/61 MP: 2/6
  3345 | D:5      | Reached skill level 5 in Armour
  3566 | D:5      | Noticed Eustachio
  3572 | D:5      | Killed Eustachio
  4035 | D:6      | Reached XP level 8. HP: 56/70 MP: 5/7
  4065 | D:6      | Reached **** piety under Trog
  4065 | D:6      | Reached skill level 8 in Maces & Flails
  4072 | D:6      | Received a gift from Trog
  4314 | D:5      | Noticed Sigmund
  4320 | D:5      | Killed Sigmund
  4320 | D:5      | Reached skill level 1 in Stealth
  4444 | D:5      | Reached skill level 5 in Dodging
  4522 | D:5      | Found a blossoming altar of Fedhas.
  4811 | D:6      | Found a radiant altar of Vehumet.
  5239 | D:7      | Reached skill level 9 in Maces & Flails
  5239 | D:7      | Reached XP level 9. HP: 64/79 MP: 6/8
  5623 | D:7      | Found a staircase to the Ecumenical Temple.
  5764 | D:7      | Noticed Prince Ribbit
  5772 | D:7      | Killed Prince Ribbit
  5782 | D:7      | Found a radiant altar of Vehumet.
  5783 | D:7      | Noticed Joseph
  5794 | D:7      | Shot with a sling bullet by Joseph

Skill      XL: |  1  2  3  4  5  6  7  8  9 |
---------------+----------------------------+-----
Maces & Flails | 4 5 6 7 9 |  9.6
Fighting       | 4 5 6 7 |  7.5
Armour         | 3 4 6 8 |  8.5
Dodging        | 3 4 5 6 |  6.1
Stealth        | 1 |  1.1

Action                   |  1- 3 |  4- 6 |  7- 9 || total
-------------------------+-------+-------+-------++-------
Melee: Mace              |    37 |       |       ||    37
       Headbutt          |    17 |    48 |    47 ||   112
       Whip              |    75 |   218 |   184 ||   477
Invok: Berserk           |       |     3 |     6 ||     9
  Use: Scroll            |     2 |     4 |       ||     6
  Eat: Chunk             |     1 |     9 |     9 ||    19
       Bread ration      |       |       |     1 ||     1
Armor: Animal skin       |    17 |       |       ||    17
       Chain mail        |    32 |    88 |    89 ||   209
Dodge: Dodged            |    47 |    73 |    93 ||   213
